 Dungeon Crawl Stone Soup version 0.30-a0-341-g682706514a (webtiles) character file.

Game seed: 7139416891537042908

7151 DeathSun the Grappler (level 10, -2/74 HPs)
             Began as a Demonspawn Cinder Acolyte on Nov 3, 2022.
             Was a Follower of Ignis.
             Slain by a wolf (9 damage)
             ... summoned by an orange crystal statue
             ... in a Gauntlet.
             The game lasted 00:33:33 (10882 turns).

DeathSun the Grappler (Demonspawn Cinder Acolyte)  Turns: 10882, Time: 00:33:34

Health: -2/74      AC: 12    Str: 22    XL:     10   Next: 86%
Magic:  11/11      EV: 15    Int: 15    God:    Ignis [*.....]
Gold:   356        SH:  0    Dex: 10    Spells: 9/11 levels left

rFire   + . .      SeeInvis +      - Unarmed
rCold   . . .      Faith    .    (no shield)
rNeg    . . .      Spirit   .    c - +5 scale mail of the Onion {rPois Str+4 SInv Stlth+}
rPois   +          Reflect  .    (helmet restricted)
rElec   .          Harm     .    (no cloak)
rCorr   +          Rampage  .    (no gloves)
Will    .....      NoTele   +    z - +0 pair of boots
Stlth   +.........               h - amulet of magic regeneration
HPRegen 0.32/turn                f - +4 ring of evasion
MPRegen 0.52/turn                A - ring of resist corrosion

@: mighty
A: antennae 2, repulsion field 1, powered by pain 1, demonic magic 2
a: Renounce Religion, Fiery Armour, Foxfire Swarm, Rising Flame


You were in a Gauntlet.
You worshipped Ignis.
Ignis was aware of your devotion.
You visited 3 branches of the dungeon, and saw 11 of its levels.
You also visited: Gauntlet.

You collected 356 gold pieces.

Inventory:

Missiles
 i - 12 poisoned darts (quivered)
 x - a throwing net
Armour
 a - a +0 robe
 c - the +5 scale mail of the Onion (worn) {rPois Str+4 SInv Stlth+}
   (You found it on level 9 of the Dungeon)

   Str:       It affects your strength (+4).
   rPois:     It protects you from poison.
   SInv:      It lets you see invisible.
   Stlth:     It makes you more stealthy.
 k - a +0 leather armour
 t - a +0 scale mail
 y - a +1 plate armour of willpower
 z - a +0 pair of boots (worn)
 C - +0 steam dragon scales
Jewellery
 e - a ring of flight
 f - a +4 ring of evasion (left hand)
 h - an amulet of magic regeneration (around neck)
 r - a ring of ice
 A - a ring of resist corrosion (right hand)
Wands
 q - a wand of flame (7)
 D - a wand of roots (8)
 E - a wand of light (11)
Scrolls
 d - a scroll of poison {unknown}
 g - 3 scrolls of noise
 m - 2 scrolls of amnesia
 n - a scroll of silence {unknown}
 p - a scroll of enchant armour {unknown}
 s - a scroll of immolation {unknown}
 u - 2 scrolls of vulnerability
 w - 2 scrolls of blinking
 G - 2 scrolls of teleportation {unknown}
Potions
 b - 7 potions of curing
 j - a potion of mutation
 l - a potion of brilliance {unknown}
 o - 2 potions of magic
 v - a potion of resistance
 H - a potion of attraction {unknown}
 I - a potion of berserk rage {unknown}


   Skills:
 * Level 5.4 Fighting
 - Level 5.0 Throwing
 * Level 12.6 Unarmed Combat
 - Level 1.0 Spellcasting
 - Level 6.8 Fire Magic


You had 9 spell levels left.
You knew the following spells:

 Your Spells              Type           Power      Damage    Failure   Level
a - Scorch                Fire           42%        2d7       6%          2

Your spell library contained the following spells:

 Spells                   Type           Power      Damage    Failure   Level
 Kiss of Death            Conj/Necr      0%         2d5       56%         1
 Ignite Poison            Fire/Tmut/Pois 7%         N/A       63%         3
 Kindle Blastsparks       Fire/Tloc/Air  14%        2d11      63%         3
 Freezing Cloud           Conj/Ice/Air   0%         6-21      100%        5


Dungeon Overview and Level Annotations

Branches:
Dungeon (9/15)             Temple (1/1) D:7            Lair (1/5) D:8
Gauntlet (1/1)
    Orc: D:9-12

Altars:
Dithmenos
Fedhas
Hepliaklqana
Kikubaaqudgha
Makhleb
Okawaru
Qazlal
Ru
Sif Muna
Trog
Uskayaw
Vehumet
Wu Jian
Xom
Yredelemnul

Shops:
D:5 (

Annotations:
D:2 1 runed translucent door, Crazy Yiuf
D:6 2 transporters, Elric's ghost, novice DsGl Gauntlet 9 transporters, 2 runed translucent doors, exclusions: oklob plant and orange crystal statue


Innate Abilities, Weirdness & Mutations

You have a pair of antennae on your head.
You are surrounded by a mild repulsion field. (EV +2)
You sometimes gain a little power by taking damage.
Spells you cast may paralyse nearby enemies.


Message History

You closely miss the wolf. Your punch misses the wolf.
The wolf bites you but does no damage. x2
You punch the wolf! Your punch misses the wolf.
The wolf is moderately wounded.
The wolf completely misses you. The wolf bites you.
You miss the wolf.
The wolf is moderately wounded.
The wolf misses you. The wolf closely misses you.
You hit the wolf.
The wolf is heavily wounded.
The wolf bites you!
You focus on the pain.
You feel very mighty all of a sudden.
The moth of wrath goads something on!
The wolf bites you but does no damage.
You hear a howl!
You miss the wolf.
The wolf is heavily wounded.
The wolf bites you but does no damage.
You hear a howl!
The wolf bites you!
You closely miss the wolf.
The wolf is heavily wounded.
The wolf bites you. The wolf bites you!
* * * LOW HITPOINT WARNING * * *
The wolf barely misses you.
There is a transporter landing site here.
The wolf bites you!
* * * LOW HITPOINT WARNING * * *
The wolf bites you but does no damage.
You feel much better. The wolf bites you!
* * * LOW HITPOINT WARNING * * *
You focus on the pain.
You feel your power returning. The wolf bites you!
* * * LOW HITPOINT WARNING * * *
The wolf closely misses you. The wolf completely misses you.
Really walk into a travel-excluded area?
The wolf attacks as you move away! The wolf completely misses you.
The acid dragon roars!
The wolf misses you. The wolf closely misses you.
You hear a howl! x2
The wolf bites you!
You die...

##≈....#©..8#...#...##
##..8.#...©#.8.#.....
##≈....#©..8#.⌠.#.8.##
#≈≈.#########.8.#.©...
##≈.#8.[©!..#...#.8.#.
##.#.####..#...#.©.#
##≈.#.#...#.#.8.#.8.#
#≈≈.#.#y©.#.#.∩.#.©.#
##≈.#@#.h.#.#.8.#.8.#
##.#.h####.#...#.©.#
##≈.#.......#...#.8.#.
#≈≈.#########.8.#.©...
##≈....#©..8#.⌠.#.8.##
##..8.#...©#.8.#.....
##≈....#©..8#...#...##
#≈≈.#########...#≈≈≈#
##≈.#.?[©D..#..###≈##


You could see an orange crystal statue and a wolf (summoned, berserk).

Vanquished Creatures
  A two-headed ogre (D:8)
  Pikel (D:8)
  Psyche (D:8)
  Maggie (D:8)
  An unseen horror zombie (D:9)
  A hornet (D:9)
  Prince Ribbit (D:5)
  A raiju (Gauntlet)
  6 yaks
  Eustachio (D:6)
  A steam dragon (Gauntlet)
  A warg (D:8)
  3 water moccasins
  A sky beast (D:7)
  2 orc warriors
  3 ice beasts
  A centaur (D:8)
  2 lemures (D:8)
  A phantom (D:4)
  3 kobold brigands
  2 necrophages
  3 scorpions
  4 bullfrogs
  5 wights (D:9)
  7 killer bees
  3 howler monkeys (D:9)
  4 orc priests
  3 gnoll boudas
  3 hounds
  5 iguanas
  9 orc wizards
  A howler monkey zombie (D:9)
  5 adders
  11 gnolls
  A shadow imp (D:7)
  A worm (D:3)
  47 orcs
  2 bats (D:3)
  5 endoplasms
  4 giant cockroaches
  8 goblins
  5 hobgoblins
  25 kobolds
  6 quokkas
  5 ball pythons
  5 frilled lizards
  6 rats
218 creatures vanquished.

Vanquished Creatures (others)
  A steam dragon (Gauntlet)
  A human (D:7)
  26 foxfires
28 creatures vanquished.

Grand Total: 246 creatures vanquished

Notes
Turn   | Place    | Note
-------+----------+-------------------------------------------
     0 | D:1      | DeathSun the Demonspawn Cinder Acolyte began the quest for
                  | the Orb.
     0 | D:1      | Reached XP level 1. HP: 18/18 MP: 2/2
    56 | D:1      | Reached skill level 3 in Unarmed Combat
    62 | D:1      | Gained mutation: You have a pair of small antennae on your
                  | head. [demonic ancestry]
    62 | D:1      | Reached XP level 2. HP: 3/24 MP: 3/3
   316 | D:1      | Learned a level 2 spell: Scorch
   502 | D:1      | Found a faded altar of an unknown god.
   506 | D:1      | Got Plato's Reference Book on Damage Dealing
   783 | D:2      | Identified the +0 helmet of Tozoorphasm {Regen+ Int+4}
   880 | D:2      | Found a runed translucent door.
   881 | D:2      | Noticed Crazy Yiuf
  1086 | D:3      | Reached XP level 3. HP: 29/29 MP: 4/4
  1285 | D:3      | Found a shimmering altar of Xom.
  1702 | D:3      | Found a shimmering altar of Xom.
  1702 | D:3      | Found a shimmering altar of Xom.
  2205 | D:4      | Noticed a scorpion
  2217 | D:4      | Killed a scorpion
  2218 | D:4      | Reached skill level 4 in Unarmed Combat
  2218 | D:4      | Gained mutation: You sometimes gain a little power by
                  | taking damage. [demonic ancestry]
  2218 | D:4      | Reached XP level 4. HP: 24/35 MP: 5/5
  2222 | D:4      | Noticed a phantom
  2235 | D:4      | Killed a phantom
  2236 | D:4      | Reached XP level 5. HP: 13/41 MP: 6/6
  2585 | D:4      | Reached skill level 5 in Fire Magic
  2585 | D:4      | Gained mutation: You have a pair of antennae on your head.
                  | [demonic ancestry]
  2585 | D:4      | Reached XP level 6. HP: 42/47 MP: 7/7
  2648 | D:4      | You fall into a shaft and drop 3 floors!
  2673 | D:5      | Entered Level 5 of the Dungeon
  2673 | D:5      | Found Omomaidi's Weapon Emporium.
  2855 | D:5      | Reached skill level 5 in Unarmed Combat
  3347 | D:5      | Found a stormy altar of Qazlal.
  3477 | D:5      | Reached skill level 1 in Throwing
  3504 | D:5      | Noticed Prince Ribbit
  3530 | D:5      | HP: 2/46 [Prince Ribbit (14)]
  3534 | D:5      | Killed Prince Ribbit
  3535 | D:5      | Reached skill level 6 in Unarmed Combat
  3535 | D:5      | Gained mutation: You are surrounded by a mild repulsion
                  | field. (EV +2) [demonic ancestry]
  3535 | D:5      | Reached XP level 7. HP: 9/52 MP: 8/8
  3801 | D:5      | Found a bloodstained altar of Trog.
  5311 | D:6      | Found a shimmering blue altar of Sif Muna.
  5356 | D:6      | Gained mutation: Spells you cast may paralyse adjacent
                  | enemies. [demonic ancestry]
  5356 | D:6      | Reached XP level 8. HP: 45/58 MP: 9/9
  5407 | D:6      | Noticed a hornet
  5408 | D:6      | Found a transporter.
  5453 | D:6      | Noticed Elric's ghost (novice DsGl)
  5490 | D:6      | Reached skill level 7 in Unarmed Combat
  5688 | D:6      | Found a hide-covered altar of Uskayaw.
  6283 | D:6      | Found a transporter.
  6371 | D:6      | Noticed Eustachio
  6415 | D:6      | Killed Eustachio
  6416 | D:6      | Reached skill level 8 in Unarmed Combat
  6676 | D:7      | Found an ancient bone altar of Kikubaaqudgha.
  7016 | D:7      | Reached XP level 9. HP: 59/63 MP: 10/10
  7334 | D:7      | Found a staircase to the Ecumenical Temple.
  7616 | D:8      | Noticed a two-headed ogre
  7795 | Temple   | Entered the Ecumenical Temple
  7878 | D:8      | Noticed Maggie
  7909 | D:8      | Killed Maggie
  7910 | D:8      | Reached skill level 5 in Throwing
  7910 | D:8      | Reached skill level 9 in Unarmed Combat
  7947 | D:8      | Noticed Pikel
  8248 | D:8      | Killed Pikel
  8249 | D:8      | Reached skill level 10 in Unarmed Combat
  8948 | D:9      | Gained mutation: Spells you cast may paralyse nearby
                  | enemies. [demonic ancestry]
  8948 | D:9      | Reached XP level 10. HP: 41/70 MP: 11/11
  9078 | D:9      | Identified the +5 scale mail of the Onion {rPois Str+4 SInv
                  | Stlth+}
  9174 | D:9      | Paralysed by a hornet for 1 turns
  9213 | D:9      | Reached skill level 11 in Unarmed Combat
  9879 | D:9      | Found a basalt altar of Yredelemnul.
 10109 | D:8      | Reached skill level 12 in Unarmed Combat
 10165 | D:8      | Noticed Psyche
 10176 | D:8      | Killed Psyche
 10279 | D:8      | Found a staircase to the Lair.
 10289 | D:8      | Killed a two-headed ogre
 10313 | Lair:1   | Entered Level 1 of the Lair of Beasts
 10318 | Lair:1   | Reached skill level 5 in Fighting
 10516 | Lair:1   | Found a gate leading to a gauntlet.
 10525 | Gauntlet | Entered a Gauntlet
 10525 | Gauntlet | Found a transporter.
 10533 | Gauntlet | Found a transporter.
 10535 | Gauntlet | Found a transporter.
 10536 | Gauntlet | Found a transporter.
 10538 | Gauntlet | Noticed an oklob plant
 10544 | Gauntlet | Found a transporter.
 10547 | Gauntlet | Found a transporter.
 10548 | Gauntlet | Found a transporter.
 10558 | Gauntlet | Found a transporter.
 10560 | Gauntlet | Found a transporter.
 10561 | Gauntlet | Found a transporter.
 10565 | Gauntlet | Found a runed translucent door.
 10568 | Gauntlet | Found a runed translucent door.
 10569 | Gauntlet | Found a transporter.
 10572 | Gauntlet | Found a transporter.
 10573 | Gauntlet | Found a transporter.
 10577 | Gauntlet | Noticed a death scarab
 10580 | Gauntlet | Noticed a death scarab
 10581 | Gauntlet | Found a transporter.
 10617 | Gauntlet | Noticed an orange crystal statue
 10856 | Gauntlet | Noticed a moth of wrath
 10869 | Gauntlet | Noticed a moth of wrath
 10882 | Gauntlet | Slain by a wolf

Illustrated notes

Levels and vault maps discovered:
D:1:      spicycebolla_green_bress_n_ham_2, layout_rooms,
          shapermc_ecumenical_altar_rom_forum
D:2:      layout_loops_ring, uniq_crazy_yiuf_cottage
D:3:      layout_basic, dreamdust_divine_triumvirate, xom_redecorated
D:4:      layout_cave_pods
D:5:      layout_basic, lemuel_tele_altar, grunt_qazlal_clouds, serial_shops,
          nicolae_shop_bloodbath_and_beyond, dk_noncrumbling_3,
          uniq_prince_ribbit1
D:6:      layout_rooms, led_sif_pool, general_overflow_altar,
          gammafunk_ghost_hive, uniq_eustachio
D:7:      layout_basic, tgw_kikubaaqudgha, minmay_temple_entry_purple_smoke,
          serial_glass, glass_columns_a, glass_columns_a, glass_columns_c,
          item_on_display_a, minmay_strange_pillars
D:8:      layout_cave_pods, erik_lair_orcish_takeover, uniq_maggie, uniq_psyche,
          uniq_pikel
D:9:      layout_stronghold, lemuel_zombie_altar_yredelemnul, enter_bailey_5,
          corexii_checkpoint_a, chequers_serial_rivers_large_b,
          grunt_ministairs_8
Temple:   hellmonk_temple_two_chambers
Lair:1:   layout_cellular_growth, gauntlet_entry_generic, serial_bayou_shore_b,
          grunt_megastairs_3
Gauntlet: gammafunk_gauntlet_77_escape_option
          [minmay_gauntlet_arena_77_checkered, minmay_gauntlet_arena_77_mirror,
          minmay_gauntlet_arena_77_box, minmay_gauntlet_arena_77_cramped,
          minmay_gauntlet_arena_77_hold_the_fort,
          nicolae_gauntlet_exit_dead_adventurers]

Skill      XL: |  1  2  3  4  5  6  7  8  9 10 |
---------------+-------------------------------+-----
Unarmed Combat | 3 4 6 8 10 12 | 12.6
Fire Magic     | 3 4 5 6 |  6.8
Throwing       | 2 3 4 5 |  5.0
Fighting       | 5 |  5.4
Spellcasting   | |  1.0

Action                   |  1- 3 |  4- 6 |  7- 9 | 10-12 || total
-------------------------+-------+-------+-------+-------++-------
Melee: Unarmed           |   133 |   139 |   524 |   197 ||   993
       Punch             |     1 |     6 |    20 |     5 ||    32
Throw: Dart              |       |    20 |    40 |       ||    60
 Cast: Scorch            |       |       |     1 |       ||     1
Invok: Fiery Armour      |     3 |     1 |     3 |     2 ||     9
       Foxfire Swarm     |     1 |       |     1 |       ||     2
  Use: Potion            |       |     1 |       |     6 ||     7
       Scroll            |       |       |     6 |     2 ||     8
Armor: Robe              |    14 |       |       |       ||    14
       Leather armour    |    16 |    18 |       |       ||    34
       Scale mail        |       |       |    82 |    76 ||   158
       Steam dragon scal |       |       |    30 |     3 ||    33
Dodge: Dodged            |    83 |    82 |   384 |   172 ||   721

Table legend: (Time is in decaauts)
 A = Elapsed time spent in this place.
 B = Non-inter-level travel time spent in this place.
 C = Inter-level travel time spent in this place.
 D = Time resting spent in this place.
 E = Time spent auto-exploring this place.
 F = Levels seen in this place.
 G = Mean time per level.
                   A        B        C        D        E       F      G
               +--------+--------+--------+--------+--------+-----+--------+
         Total |  10759 |  10342 |    417 |      0 |   7749 |  12 |  896.6 |
       Dungeon |  10176 |   9763 |    413 |      0 |   7275 |   9 | 1130.7 |
        Temple |     22 |     18 |      4 |      0 |     13 |   1 |   22.0 |
          Lair |    210 |    210 |      0 |      0 |    198 |   1 |  210.0 |
      Gauntlet |    350 |    350 |      0 |      0 |    263 |   1 |  350.0 |
               +--------+--------+--------+--------+--------+-----+--------+

Top non-repeatable levels by time:
     D:5: 1727 daAuts
     D:7: 1432 daAuts
     D:4: 1332 daAuts
     D:8: 1207 daAuts
     D:3: 1083 daAuts
     D:9: 1011 daAuts
     D:2: 901 daAuts
     D:6: 857 daAuts
     D:1: 622 daAuts
Gauntlet: 350 daAuts
  Lair:1: 210 daAuts
  Temple: 22 daAuts
